 Dungeon Crawl Stone Soup version 0.30.1-4-g462c640d31 (webtiles) character file.

Game seed: 12404832513290867408

123 arglypuff the Chopper (level 5, 0/28 HPs)
             Began as a Vine Stalker Fighter on Sept 10, 2023.
             Succumbed to a scorpion's poison
             ... on level 4 of the Dungeon.
             The game lasted 00:01:28 (659 turns).

arglypuff the Chopper (Vine Stalker Fighter)         Turns: 659, Time: 00:01:29

Health: 0/28       AC:  6    Str: 20    XL:     5   Next: 7%
Magic:  2/6        EV:  9    Int:  8    God:
Gold:   66         SH:  5    Dex: 14    Spells: 4/4 levels left

rFire   . . .        a - +0 war axe
rCold   . . .        c - +0 buckler
rNeg    . . .        b - +0 scale mail
rPois   .            (no helmet)
rElec   .            (no cloak)
rCorr   .            (no gloves)
SInv    .            (no boots)
Will    .....        (no amulet) Stlth
                     (no ring)
HPRegen 1.04/turn    (no ring)
MPRegen 0.10/turn

%: guardian spirit
@: lethally poisoned (0 -> -7)
A: fangs 2, regeneration 1, magic shield, antimagic bite, no potion heal 2
a: no special abilities


You were on level 4 of the Dungeon.
You visited 1 branch of the dungeon, and saw 3 of its levels.

You collected 66 gold pieces.

Inventory:

Hand Weapons
 a - a +0 war axe (weapon)
Armour
 b - a +0 scale mail (worn)
 c - a +0 buckler (worn)
Scrolls
 e - 2 scrolls of noise {unknown}
 h - a scroll of blinking {unknown}
 j - a scroll of vulnerability {unknown}
 k - a scroll of fog {unknown}
 l - a scroll of amnesia {unknown}
 m - a scroll of identify {unknown}
Potions
 f - a potion of berserk rage {unknown}
 g - 2 potions of cancellation {unknown}


   Skills:
 + Level 3.1 Fighting
 + Level 3.3 Axes
 + Level 3.1 Armour
 + Level 0.2 Dodging
 + Level 3.1 Shields


You had 4 spell levels left.
You didn't know any spells.
Your spell library contained the following spells:

 Spells                   Type           Power      Damage    Failure   Level
 Necrotise                Necr           0%         1d4       83%         1
 Vampiric Draining        Necr           0%         2d6       99%         3
 Agony                    Necr           0%         N/A       100%        5


Dungeon Overview and Level Annotations

Branches:
Dungeon (2/15)

Altars:


Innate Abilities, Weirdness & Mutations

You have extremely sharp teeth.
Your natural rate of healing is unusually fast.
When hurt, damage is shared between your health and your magic reserves.
Your bite disrupts and absorbs the magic of your enemies.
Potions cannot restore your health.


Message History

The scorpion poisons you!
You hit the scorpion but do no damage.
You feel very sick. The scorpion misses you.
You closely miss the scorpion. You bite the scorpion. You drain its power.
The scorpion is lightly wounded.
You feel very sick. You block the scorpion's attack. The scorpion stings you.
You are more poisoned.
The scorpion poisons you!
You closely miss the scorpion.
The scorpion is lightly wounded.
You feel very sick.
The scorpion stings you but does no damage.
The scorpion closely misses you.
You are too injured to fight recklessly!
You are too injured to fight recklessly!
You are too injured to fight recklessly!
You slash the scorpion!
The scorpion is heavily wounded.
You feel very sick. The scorpion stings you.
* * * LOW HITPOINT WARNING * * *
You closely miss the scorpion. Your bite misses the scorpion.
The scorpion is heavily wounded.
You feel very sick. You block the scorpion's attack.
The scorpion barely misses you.
You hit the scorpion but do no damage. Your bite misses the scorpion.
The scorpion is heavily wounded.
You feel sick.
The scorpion stings you but does no damage.
You block the scorpion's attack.
You hit the scorpion but do no damage.
The scorpion is heavily wounded.
You feel sick. The scorpion stings you.
You are lethally poisoned!
The scorpion poisons you!
You slash the scorpion!
You kill the scorpion!
You die...

################
#!...†@........#
!..#####.!#####.##
....##..##.....#
#........##..####
####..###.......#
#..†......##.#
.......####.##.##.#
######## #.# .(#
#.# #.#


There were no monsters in sight!

Vanquished Creatures
  A black bear (D:4)
  A scorpion (D:4)
  An ufetubus (D:4)
  A worm (D:2)
  A dart slug (D:2)
  A bat (D:1)
  An endoplasm (D:1)
  2 giant cockroaches (D:1)
  3 jackals (D:1)
  7 kobolds (D:1)
  A ball python (D:1)
  A frilled lizard (D:2)
  7 rats (D:1)
28 creatures vanquished.

Notes
Turn   | Place    | Note
-------+----------+-------------------------------------------
     0 | D:1      | arglypuff the Vine Stalker Fighter began the quest for the
                  | Orb.
     0 | D:1      | Reached XP level 1. HP: 11/11 MP: 2/2
    98 | D:1      | Reached XP level 2. HP: 16/16 MP: 3/3
   106 | D:1      | Found a faded altar of an unknown god.
   503 | D:2      | Reached XP level 3. HP: 18/19 MP: 2/4
   588 | D:2      | You fall into a shaft and drop 2 floors!
   591 | D:4      | Noticed a black bear
   616 | D:4      | Killed a black bear
   617 | D:4      | Gained mutation: Your natural rate of healing is unusually
                  | fast. [Vine Stalker growth]
   617 | D:4      | Reached XP level 4. HP: 18/24 MP: 3/5
   617 | D:4      | Reached XP level 5. HP: 21/28 MP: 3/6
   659 | D:4      | Succumbed to a scorpion's poison

Illustrated notes

Levels and vault maps discovered:
D:1:      reono_arrival_forest_river, layout_basic,
          ebering_ecumenical_altar_abandoned
D:2:      layout_rooms, minivault_23, minmay_misc_feat_enclosed,
          kennysheep_generic_room_9
D:4:      layout_loops_cross, hangedman_ru_absence, serial_shops, shop,
          gammafunk_ghost_necromancy, dk_noncrumbling_3

Skill      XL: |  1  2  3 |
---------------+----------+-----
Axes           | 2 3 |  3.3
Shields        | 3 |  3.1
Fighting       | 3 |  3.1
Armour         | 3 |  3.1
Dodging        | |  0.2

Action                     |  1- 3 |  4- 6 || total
---------------------------+-------+-------++-------
  Melee: War axe           |    53 |     8 ||    61
         Bite              |    13 |     1 ||    14
    Use: Potion            |     2 |       ||     2
 Armour: Scale mail        |    18 |     3 ||    21
  Dodge: Dodged            |    18 |     3 ||    21
  Block: Buckler           |    19 |     3 ||    22
